 Dungeon Crawl Stone Soup version 0.22-a0-433-gd2a9cce (webtiles) character file.

86 Megalobster the Changer (level 4, 0/35 HPs)
             Began as a Draconian Transmuter on May 27, 2018.
             Succumbed to an adder's poison
             ... on level 2 of the Dungeon.
             The game lasted 00:08:24 (2186 turns).

Megalobster the Changer (Draconian Transmuter)      Turns: 2186, Time: 00:08:25

Health: 0/35       AC:  6    Str: 13    XL:     4   Next: 26%
Magic:  3/7        EV: 12    Int: 19    God:
Gold:   117        SH:  0    Dex: 11    Spells: 4/7 levels left

rFire    . . .     SeeInvis .   e - +0 dagger
rCold    . . .     Gourm    .   (no shield)
rNeg     . . .     Faith    .   (armour unavailable)
rPois    .         Spirit   .   (helmet restricted)
rElec    .         Reflect  .   (no cloak)
rCorr    .         Harm     .   h - +0 pair of gloves
MR       .....                  (no boots)
Stlth    +.........             (no amulet)
HPRegen  0.11/turn              (no ring)
MPRegen  0.10/turn              (no ring)

@: brilliant, lethally poisoned (0 -> -5)
A: unfitting armour, cold-blooded, AC +5
a: no special abilities


You were on level 2 of the Dungeon.
You were hungry.

You visited 1 branch of the dungeon, and saw 3 of its levels.

You collected 117 gold pieces.

Inventory:

Hand Weapons
 d - a +0 club
 e - a +0 dagger (weapon)
Missiles
 a - 27 arrows
 f - 91 stones (quivered)
Armour
 h - a +0 pair of gloves (worn)
Wands
 k - a wand of polymorph (18)
Scrolls
 i - 10 scrolls of identify {unknown}
 j - a scroll of amnesia {unknown}
 l - a scroll of random uselessness {unknown}
 m - a scroll of immolation {unknown}
Potions
 b - a potion of brilliance
Comestibles
 c - 7 rations
 g - 2 chunks of flesh


   Skills:
 - Level 1.1 Fighting
 - Level 1.7 Dodging
 + Level 3.6 Unarmed Combat
 - Level 2.0 Spellcasting
 * Level 4.1 Transmutations


You had 4 spell levels left.
You knew the following spells:

 Your Spells              Type           Power        Failure   Level  Hunger
a - Beastly Appendage     Tmut           ####..       1%          1    #......
b - Sticks to Snakes      Tmut           ####....     1%          2    ###....

Your spell library contained the following spells:

 Spells                   Type           Power        Failure   Level  Hunger
 Spider Form              Tmut/Pois      ###.......   2%          3    ###....
 Blade Hands              Tmut           ####......   10%         5    ######.
 Ice Form                 Ice/Tmut       ###.....     9%          4    #####..


Dungeon Overview and Level Annotations

Branches:
Dungeon (3/15)

Altars:
Trog

Annotations:
D:3 Grinder


Innate Abilities, Weirdness & Mutations

Your plain brown scales are hard. (AC +5)
You cannot fit into any form of body armour.
You are cold-blooded and may be slowed by cold attacks.


Message History

* * * LOW HITPOINT WARNING * * *
You feel sick.
You take 1 damage, and have 4/35 hp.
It was a potion of brilliance.
You feel clever all of a sudden.
There is a lethal amount of poison in your body!
There is a lethal amount of poison in your body!
* * * LOW HITPOINT WARNING * * *
You feel sick.
You take 1 damage, and have 3/35 hp.
* * * LOW HITPOINT WARNING * * *
You feel sick.
You take 1 damage, and have 2/35 hp.
Your talons disappear.
* * * LOW HITPOINT WARNING * * *
You feel sick.
You take 1 damage, and have 1/35 hp.
* * * LOW HITPOINT WARNING * * *
You feel sick.
You die...

##.# #..# ###### #..#
#....# ##..# #....#
##.).# #....# ## #..#.#
#....# ########. #.##.#
#...<###........
#.##.###.#####..#######
#.##.#@†.####<.## #
#.##.).#.#....## #
#.##..##...#### #
#.##.###.....##########
##.##>#
#.###..##.....#.
#..##.# #.#
##.)........ #.##.>#
#.# ####....... #.##..#
#.# #.....#.
##.##..###.# ###.....


There were no monsters in sight!

Vanquished Creatures
  3 adders (D:2)
  4 dart slugs
  3 bats
  A giant cockroach (D:2)
  10 goblins
  8 hobgoblins
  6 jackals (D:1)
  3 frilled lizards
  3 kobolds
  6 rats
47 creatures vanquished.

Vanquished Creatures (collateral kills)
  An adder (D:3)
  A bat (D:3)
2 creatures vanquished.

Grand Total: 49 creatures vanquished

Notes
Turn   | Place    | Note
-------+----------+-------------------------------------------
     0 | D:1      | Megalobster the Draconian Transmuter began the quest for the Orb.
     0 | D:1      | Reached XP level 1. HP: 16/16 MP: 3/3
    12 | D:1      | Noticed an electric eel
    59 | D:1      | Reached XP level 2. HP: 9/23 MP: 3/5
   277 | D:1      | Reached skill level 3 in Transmutations
   708 | D:1      | Reached XP level 3. HP: 25/28 MP: 6/6
   740 | D:1      | Learned a level 2 spell: Sticks to Snakes
  1821 | D:2      | Found a faded altar of an unknown god.
  1882 | D:2      | Reached XP level 4. HP: 35/35 MP: 7/7
  1972 | D:2      | Reached skill level 4 in Transmutations
  2129 | D:3      | Found a bloodstained altar of Trog.
  2155 | D:3      | Noticed Grinder
  2156 | D:3      | Paralysed by Grinder for 3 turns
  2183 | D:2      | HP: 1/35 [poisoned by an adder]
  2186 | D:2      | Succumbed to an adder's poison

Vault maps used:
D:1:      arrival_aquarium_a
D:2:      chequers_ecumenical_altar_simple_redux, first_ration
D:3:      bloody_trog, uniq_purgy, uniq_grinder

Skill      XL: |  1  2  3  4 |
---------------+-------------+-----
Transmutations | 3 4 |  4.1
Fighting       | |  1.1
Dodging        | |  1.7
Unarmed Combat | |  3.6
Spellcasting   | |  2.0

Action                   |  1- 3 |  4- 6 || total
-------------------------+-------+-------++-------
Melee: Unarmed           |    23 |       ||    23
       Kick              |    15 |     1 ||    16
       Dagger            |   154 |    37 ||   191
       Tailslap          |    17 |     3 ||    20
       Punch             |     1 |       ||     1
Throw: Stone             |     3 |     6 ||     9
 Cast: Beastly Appendage |     9 |     1 ||    10
       Sticks to Snakes  |     3 |     3 ||     6
Evoke: Wand              |       |     1 ||     1
  Use: Potion            |     1 |     1 ||     2
  Eat: Ration            |     1 |       ||     1
       Chunk             |     1 |       ||     1
Armor: Skin              |    62 |    16 ||    78
Dodge: Dodged            |   124 |    17 ||   141

Table legend:
 A = Spawn XP
 B = Non-spawn XP
 C = Spawn XP percentage of total XP
 D = Spawn monster count
 E = Non-spawn monster count
 F = Spawn count percentage of total count
 G = Total turns spent on level
                    A         B        C        D         E        F      G
               +---------+---------+-------+---------+---------+-------+---------
         Total |       0 |     123 |   0.0 |       0 |      49 |   0.0 |  2186
               +---------+---------+-------+---------+---------+-------+---------
           D:1 |       0 |      56 |   0.0 |       0 |      29 |   0.0 |  1210
           D:2 |       0 |      57 |   0.0 |       0 |      17 |   0.0 |   927
           D:3 |       0 |      10 |   0.0 |       0 |       3 |   0.0 |    49
               +---------+---------+-------+---------+---------+-------+---------
